 Dungeon Crawl Stone Soup version 0.29.1-12-g30fa7ad0bf (webtiles) character file.

Game seed: 13250160956191033818

62 FexLirch the Digger (level 3, -1/26 HPs)
             Began as a Demigod Earth Elementalist on Jan 5, 2023.
             Killed by nerve-wracking pain
             ... invoked by Grinder
              (10 damage)
             ... on level 2 of the Dungeon.
             The game lasted 00:04:00 (1600 turns).

FexLirch the Digger (Demigod Earth Elementalist)    Turns: 1600, Time: 00:04:01

Health: -1/26      AC:  7    Str:  9    XL:     3   Next: 60%
Magic:  12/18      EV: 12    Int: 21    God:
Gold:   101        SH:  0    Dex: 14    Spells: 1/7 levels left

rFire   . . .      SeeInvis .   g - +4 whip
rCold   . . .      Faith    .   (no shield)
rNeg    . . .      Spirit   .   a - +0 robe
rPois   .          Reflect  .   (no helmet)
rElec   .          Harm     .   (no cloak)
rCorr   .          Rampage  .   (no gloves)
Will    .....                   j - +0 pair of boots
Stlth   ++........              (no amulet)
HPRegen 0.08/turn               e - +4 ring of protection
MPRegen 0.16/turn               h - ring of magical power

@: very slightly contaminated
A: high MP 1, forlorn, divine attributes
a: no special abilities


You were on level 2 of the Dungeon.
You visited 1 branch of the dungeon, and saw 3 of its levels.

You collected 101 gold pieces.

Inventory:

Hand Weapons
 f - a +0 dagger of speed
 g - a +4 whip (weapon)
Armour
 a - a +0 robe (worn)
 d - an orb of guile
 j - a +0 pair of boots (worn)
Jewellery
 e - a +4 ring of protection (left hand)
 h - a ring of magical power (right hand)
 m - a ring of resist corrosion
Scrolls
 c - a scroll of identify {unknown}
 i - a scroll of poison {unknown}
 l - a scroll of enchant armour {unknown}
 q - 2 scrolls of fear {unknown}
Potions
 b - a potion of magic
 k - a potion of haste {unknown}
 n - a potion of attraction {unknown}
 o - a potion of ambrosia {unknown}
 p - a potion of resistance {unknown}


   Skills:
 - Level 1.7 Dodging
 - Level 1.7 Stealth
 + Level 2.5 Spellcasting
 + Level 1.6 Conjurations
 - Level 0.8 Transmutations
 + Level 3.3 Earth Magic


You had one spell level left.
You knew the following spells:

 Your Spells              Type           Power      Damage    Failure   Level
a - Sandblast             Erth           32%        2d9       3%          1
b - Passwall              Tmut/Erth      9%         N/A       9%          2
c - Stone Arrow           Conj/Erth      26%        3d8       16%         3

Your spell library contained the following spells:

 Spells                   Type           Power      Damage    Failure   Level
 Beastly Appendage        Tmut           12%        N/A       10%         1
 Static Discharge         Conj/Air       6%         3-4/arc   16%         2
 Wereblood                Tmut           6%         N/A       16%         2
 Spider Form              Tmut/Pois      4%         N/A       34%         3
 Petrify                  Tmut/Erth      11%        N/A       52%         4
 Lightning Bolt           Conj/Air       3%         1d14      95%         5
 Maxwell's Capacitive Co  Air            1%         ∞         100%        8


Dungeon Overview and Level Annotations

Branches:
Dungeon (3/15)

Annotations:
D:2 Grinder


Innate Abilities, Weirdness & Mutations

You have an increased reservoir of magic. (+10% MP)
You shall have no god before yourself.
Your divine heritage dramatically boosts your attributes as you level up.


Message History

Confirm with . or Enter, or press ? or * to list all spells.
Aiming: Sandblast (safe; 3% risk of failure)
Press: ? - help, Shift-Dir - straight line, f/p - Grinder
Aim: Grinder (lightly wounded, 80% to hit)
You miscast Sandblast.
Nothing appears to happen.
Casting: Sandblast (safe; 3% risk of failure)
Confirm with . or Enter, or press ? or * to list all spells.
Aiming: Sandblast (safe; 3% risk of failure)
Press: ? - help, Shift-Dir - straight line, f/p - Grinder
Aim: Grinder (lightly wounded, 80% to hit)
The blast of sand hits Grinder.
Grinder is moderately wounded.
Casting: Sandblast (safe; 3% risk of failure)
Confirm with . or Enter, or press ? or * to list all spells.
Aiming: Sandblast (safe; 3% risk of failure)
Press: ? - help, Shift-Dir - straight line, f/p - Grinder
Aim: Grinder (moderately wounded, 80% to hit)
The blast of sand hits Grinder.
Grinder is moderately wounded.
Grinder barely misses you.
Casting: Sandblast (safe; 3% risk of failure)
Confirm with . or Enter, or press ? or * to list all spells.
Aiming: Sandblast (safe; 3% risk of failure)
Press: ? - help, Shift-Dir - straight line, f/p - Grinder
Aim: Grinder (moderately wounded, 80% to hit)
The blast of sand hits Grinder!
Grinder is heavily wounded.
Grinder hits you but does no damage.
Casting: Sandblast (safe; 3% risk of failure)
Confirm with . or Enter, or press ? or * to list all spells.
Aiming: Sandblast (safe; 3% risk of failure)
Press: ? - help, Shift-Dir - straight line, f/p - Grinder
Aim: Grinder (heavily wounded, 80% to hit)
The blast of sand hits Grinder.
Grinder is severely wounded.
Grinder gestures at you.
You barely resist. Grinder gestures at you. Pain shoots through your body!
You die...

######..#####.#.###########.#
.....#..# #.#...........#.#
####.#..#####.###########.#.#
...#.#..#..........# #.#.#
...#.#..#..........# #.#.#
...#.#..#..........# #.#.#
...#.#..#####.###### #.#.#
...#.#..#####.###########.#.#
...............5@.......#.#.#
.#.#.########.#...#####.#.#.#
.#.#.# #.#...#..<#.#.#.# .#.#.#
#.#...#.###.#.#.##### .#.#.#
#.#.......#.#.#.#.... .#.#.#
#.#.....#.#.#.#.#.#.#
.#.#.########.#.........#.#.#.#.#
...#.............##.#.###.#.#.#.#
..............#..##.#.# #.#.#.#.#


You could see Grinder.

Vanquished Creatures
  An adder (D:2)
  A worm (D:2)
  2 dart slugs
  4 orcs
  7 endoplasms
  3 giant cockroaches
  5 goblins
  2 hobgoblins (D:1)
  4 kobolds
  2 quokkas
  A ball python (D:1)
  A bat (D:3)
  2 frilled lizards (D:1)
  A rat (D:2)
36 creatures vanquished.

Notes
Turn   | Place    | Note
-------+----------+-------------------------------------------
     0 | D:1      | FexLirch the Demigod Earth Elementalist began the quest for
                  | the Orb.
     0 | D:1      | Reached XP level 1. HP: 14/14 MP: 5/5
   214 | D:2      | Reached XP level 2. HP: 16/20 MP: 0/7
   303 | D:2      | Reached skill level 3 in Earth Magic
   323 | D:3      | Reached skill level 1 in Conjurations
   390 | D:3      | Noticed Grinder
   459 | D:2      | Learned a level 2 spell: Passwall
   500 | D:1      | Reached XP level 3. HP: 22/26 MP: 9/9
   504 | D:1      | Learned a level 3 spell: Stone Arrow
  1600 | D:2      | Killed from afar by Grinder

Illustrated notes

Levels and vault maps discovered:
D:1:      minmay_arrival_pointy, layout_rooms, hangedman_decor_clover_reticule
D:2:      layout_basic
D:3:      layout_basic, mainiacjoe_overflow_cross_hatched, minmay_vboxes,
          uniq_grinder

Skill      XL: |  1  2 |
---------------+-------+-----
Spellcasting   | 2 |  2.5
Earth Magic    | 3 |  3.3
Conjurations   | 1 |  1.6
Dodging        | |  1.7
Stealth        | |  1.7
Transmutations | |  0.8

Action                   || total
-------------------------++-------
Melee: Dagger            ||     7
       Unarmed           ||     1
       Whip              ||     6
 Cast: Sandblast         ||    59
Armor: Robe              ||     6
Dodge: Dodged            ||    30
